 Dungeon Crawl Stone Soup version 0.29.0-4-gdea44cf6ec (webtiles) character file.

Game seed: 6700105589078077546

101601 Leibowitz the Executioner (level 15, -9/159 HPs)
             Began as a Minotaur Berserker on Aug 27, 2022.
             Was a High Priest of Trog.
             Mangled by a salamander
             ... wielding a +0 trident
              (14 damage)
             ... on level 3 of the Snake Pit.
             The game lasted 01:10:56 (26742 turns).

Leibowitz the Executioner (Minotaur Berserker)     Turns: 26742, Time: 01:11:02

Health: -9/159     AC: 32    Str: 29    XL:     15   Next: 83%
Magic:  14/14      EV: 13    Int:  4    God:    Trog [*****.]
Gold:   1609       SH:  5    Dex: 14    Spells: 14/14 levels left

rFire   . . .      SeeInvis .   a - +5 executioner's axe (flame)
rCold   . . .      Faith    .   (shield currently unavailable)
rNeg    + . .      Spirit   .   r - +5 plate armour of Meodamogh {rN+ Dex+4}
rPois   +          Reflect  +   (helmet unavailable)
rElec   .          Harm     .   K - +1 cloak
rCorr   .          Rampage  .   p - +0 pair of gloves
Will    +....                   G - +0 pair of boots
Stlth   ..........              X - amulet of reflection
HPRegen 0.36/turn               w - ring of poison resistance
MPRegen 0.14/turn               j - +4 ring of protection

@: no status effects
A: horns 3, retaliatory headbutt, robust 1, wild magic 1
a: Renounce Religion, Berserk, Trog's Hand, Brothers in Arms


You were on level 3 of the Snake Pit.
You worshipped Trog.
Trog was extremely pleased with you.
You visited 8 branches of the dungeon, and saw 25 of its levels.

You collected 2311 gold pieces.
You spent 702 gold pieces at shops.

Inventory:

Hand Weapons
 a - a +5 executioner's axe of flaming (weapon)
 b - a +5 eveningstar
 k - a +4 antimagic battleaxe
 n - a +0 dagger of venom
 s - the +1 rapier of Resourcefulness {vorpal, rF+ MP+9}
   (You found it on level 1 of the Lair of Beasts)

   It inflicts extra damage upon your enemies.
   rF:        It protects you from fire.
   MP:        It affects your magic capacity (+9).
 u - a +0 vampiric battleaxe
 y - the +5 flail "Yfyosch" {freeze, Str+6 Int+5}
   (You found it on level 11 of the Dungeon)

   It freezes those it strikes, dealing additional cold damage.
   It can also slow down cold-blooded creatures.
   Str:       It affects your strength (+6).
   Int:       It affects your intelligence (+5).
Missiles
 m - 2 throwing nets
 o - 4 curare-tipped darts (quivered)
Armour
 p - a +0 pair of gloves (worn)
 r - the +5 plate armour of Meodamogh (worn) {rN+ Dex+4}
   (You found it on level 5 of the Lair of Beasts)

   Dex:       It affects your dexterity (+4).
   rN:        It protects you from negative energy.
 G - a +0 pair of boots (worn)
 K - a +1 cloak (worn)
Jewellery
 e - a ring of protection from fire
 f - an amulet of faith
 g - a ring of positive energy
 j - a +4 ring of protection (right hand)
 v - a +6 ring of dexterity
 w - a ring of poison resistance (left hand)
 E - a ring of flight
 X - an amulet of reflection (around neck)
Wands
 z - a wand of quicksilver (9)
 P - a wand of roots (4)
 V - a wand of digging (6)
Scrolls
 h - 8 scrolls of teleportation
 i - 16 scrolls of identify
 l - 3 scrolls of brand weapon
 q - 3 scrolls of butterflies
 Q - 5 scrolls of magic mapping
 R - 2 scrolls of fear
 T - a scroll of summoning
 U - 2 scrolls of poison
Potions
 c - 4 potions of curing
 d - 2 potions of heal wounds
 t - 5 potions of haste
 x - 6 potions of might
 A - a potion of lignification
 B - a potion of flight
 C - 2 potions of magic
 H - a potion of resistance
 N - a potion of cancellation
 S - 2 potions of ambrosia


   Skills:
 * Level 16.4 Fighting
 * Level 22.7 Axes
 + Level 0.2 Throwing
 * Level 16.0 Armour
 * Level 10.9 Dodging
 + Level 1.6 Shields


You had 14 spell levels left.
You didn't know any spells.
Your spell library was empty.

Dungeon Overview and Level Annotations

Branches:
Dungeon (11/15)            Temple (1/1) D:7            Lair (5/5) D:8
 Shoals (1/4) Lair:3        Snake (3/4) Lair:3        Slime (1/5) Lair:5
    Orc (2/2) D:11            Elf (1/3) Orc:2

Altars:
Ashenzari
Cheibriados
Dithmenos
Gozag
Kikubaaqudgha
Makhleb
Okawaru
Qazlal
Ru
Sif Muna
Trog
Vehumet
Wu Jian
Zin
Jiyva
Lugonu

Shops:
D:8 =   Orc:1 *   Orc:2 (:[*(

Portals:
Abyss: Lair:2

Annotations:
Snake:2 3 runed translucent doors, vinnietd's ghost, adept HaFi
Orc:1 2 transporters, esran's ghost, journeyman TrFi


Innate Abilities, Weirdness & Mutations

You have a pair of large horns on your head.
You reflexively headbutt those who attack you in melee.
You are robust. (+10% HP)
Your spells are a little harder to cast, but a little more powerful.


Message History

The guardian serpent dies!
Trog accepts your kill.
Trog appreciates your killing of a magic user.
The salamander hits you but does no damage.
The naga warrior spits poison at you. The splash of poison misses you.
The splash of poison hits the naga but does no damage.
The naga hits you but does no damage. The naga grabs you.
The naga constricts you.
* * * LOW HITPOINT WARNING * * *
You block the black mamba's attack. The naga warrior spits poison at you.
The splash of poison hits you but does no damage.
You resist.
You slice the black mamba!! You burn the black mamba.
You kill the black mamba!
Trog accepts your kill.
You closely miss the naga warrior. You slice the naga warrior!!
You burn the naga warrior! You slice the salamander!! You slice the naga!!
You burn the naga!
You kill the naga!
Trog accepts your kill.
The salamander hits you but does no damage.
Your two-headed ogre barely misses the naga warrior.
Your two-headed ogre hits the naga warrior with a +0 giant club!!
The naga warrior spits poison at you.
The splash of poison hits you but does no damage.
You resist.
The naga warrior hits you with a +0 war axe!!!
* * * LOW HITPOINT WARNING * * *
The naga warrior grabs you. The naga warrior constricts you.
The naga spits poison at you.
The splash of poison hits your two-headed ogre.
You escape the naga warrior's grasp.
The salamander attacks as you move away!
The salamander hits you but does no damage.
The salamander hits you from afar with a +0 trident.
* * * LOW HITPOINT WARNING * * *
You are engulfed in flames!
You die...

....###########.########......
...N.............##...........
.......N.....[....'...........
...NN.N..........#########'##.
#.....NN...#########.###
#...####'####....##...##
#...####O###.....##...##
#...##.).N.......##...##
######.@NN.......##...##
##############......#######...##
##......##...##.....## #.....
##......##...##.....# #....^
##......##...##.....# #.....
##......##†.))).....# ##'##.
##...#####'#####....# ##.###
##...#####.######...# ##...##
##...).....##..##...# +....#


You could see 2 naga warriors, a salamander and a friendly two-headed ogre
(summoned, berserk).

Vanquished Creatures
  Saint Roka (Snake:3)
  Jorgrun (Snake:1)
  An orc warlord (Orc:2)
  Azrael (Snake:1)
  An ettin (Orc:1)
  A fire dragon (Lair:5)
  Harold (D:9)
  3 hydras
  2 boulder beetles
  A salamander tyrant (Snake:2)
  4 anacondas
  6 two-headed ogres
  Urug (D:10)
  9 naga warriors
  3 naga sharpshooters
  9 death yaks
  5 orc high priests
  8 shock serpents
  A lindwurm (Lair:5)
  8 orc knights
  A mana viper (Snake:1)
  5 orc sorcerers
  An oklob plant (Lair:1)
  A manticore (D:11)
  9 salamanders
  18 elephants
  3 cyclopes (D:11)
  Joseph (D:9)
  8 naga magi
  2 guardian serpents (Snake:2)
  21 black mambas
  3 molten gargoyles (Lair:5)
  12 cane toads
  A kobold demonologist (D:10)
  10 komodo dragons
  5 trolls
  4 polar bears
  Grinder (D:3)
  2 slime creatures (Lair:5)
  9 blink frogs
  2 shadows (D:11)
  50 yaks
  5 wyverns
  3 vampires (D:11)
  A wraith (D:11)
  2 fire elementals (Snake:1)
  9 basilisks
  6 vampire mosquitoes
  4 steam dragons
  Edmund (D:6)
  3 wargs
  An acid dragon (D:10)
  19 nagas
  14 water moccasins
  5 hell hounds
  Duvessa (D:7)
  42 orc warriors
  3 black bears
  2 ice beasts
  3 sky beasts
  8 ogres
  7 wolves
  8 centaurs
  A phantom (D:6)
  10 bullfrogs
  A gnoll sergeant (D:9)
  2 scorpions
  4 wights (D:10)
  Dowan (D:7)
  4 killer bees
  3 howler monkeys (D:11)
  6 lava snakes
  2 jellies (D:7)
  19 orc priests
  3 hounds
  6 iguanas
  41 orc wizards
  Natasha (thrice) (D:3)
  8 hell rats
  Robin (D:3)
  6 gnolls
  6 adders
  2 river rats (D:8)
  A white imp (D:7)
  A dart slug (D:3)
  102 orcs
  2 ball pythons
  5 bats
  8 endoplasms
  3 giant cockroaches
  13 goblins
  12 hobgoblins
  9 jackals
  9 kobolds
  7 quokkas
  6 rats
  A lurking horror (Lair:2)
691 creatures vanquished.

Vanquished Creatures (collateral kills)
  A guardian serpent (Snake:3)
1 creature vanquished.

Vanquished Creatures (others)
  3 orcs (Orc:1)
  A bush (Lair:1)
  24 fungi
  44 plants
72 creatures vanquished.

Grand Total: 764 creatures vanquished

Notes
Turn   | Place    | Note
-------+----------+-------------------------------------------
     0 | D:1      | Leibowitz the Minotaur Berserker began the quest for the
                  | Orb.
     0 | D:1      | Reached XP level 1. HP: 19/19 MP: 0/0
   189 | D:1      | Found a faded altar of an unknown god.
   220 | D:1      | Reached skill level 4 in Axes
   220 | D:1      | Reached XP level 2. HP: 26/27 MP: 1/1
   909 | D:2      | Reached XP level 3. HP: 29/33 MP: 2/2
   967 | D:2      | Found an ancient bone altar of Kikubaaqudgha.
  1479 | D:3      | Reached ** piety under Trog
  1587 | D:3      | Noticed Grinder
  1600 | D:3      | Killed Grinder
  1601 | D:3      | Reached skill level 5 in Axes
  1601 | D:3      | Reached XP level 4. HP: 38/41 MP: 3/3
  1601 | D:3      | Reached XP level 5. HP: 44/47 MP: 4/4
  1725 | D:3      | Noticed Robin
  1736 | D:3      | Reached skill level 6 in Axes
  1736 | D:3      | Reached XP level 6. HP: 43/55 MP: 5/5
  1774 | D:3      | Killed Robin
  1791 | D:3      | Noticed Natasha
  1806 | D:3      | Killed Natasha
  1818 | D:3      | Noticed Natasha
  1827 | D:3      | Killed Natasha
  1828 | D:3      | Reached skill level 5 in Fighting
  1835 | D:3      | Noticed Natasha
  1841 | D:3      | Killed Natasha
  2260 | D:3      | Reached *** piety under Trog
  2697 | D:4      | Reached skill level 7 in Axes
  2705 | D:4      | Reached skill level 5 in Armour
  2705 | D:4      | Reached XP level 7. HP: 61/61 MP: 6/6
  2983 | D:4      | Found a radiant altar of Vehumet.
  3497 | D:5      | Entered Level 5 of the Dungeon
  3731 | D:5      | Found an ancient bone altar of Kikubaaqudgha.
  3733 | D:5      | Found an ornate altar of the Wu Jian Council.
  3734 | D:5      | Found a glowing silver altar of Zin.
  3880 | D:5      | Found a bloodstained altar of Trog.
  4293 | D:5      | Reached skill level 8 in Axes
  4591 | D:6      | Reached XP level 8. HP: 70/70 MP: 7/7
  5005 | D:6      | Reached **** piety under Trog
  5031 | D:6      | Noticed Edmund
  5040 | D:6      | Killed Edmund
  5156 | D:6      | Reached skill level 9 in Axes
  6047 | D:7      | Found a staircase to the Ecumenical Temple.
  6072 | D:7      | Reached XP level 9. HP: 54/79 MP: 8/8
  6301 | Temple   | Entered the Ecumenical Temple
  6405 | D:7      | Found an opulent altar of Gozag.
  6529 | D:7      | Found a broken altar of Ashenzari.
  6760 | D:7      | Noticed Duvessa
  6761 | D:7      | Noticed Dowan
  6780 | D:7      | Killed Duvessa
  6783 | D:7      | Killed Dowan
  6995 | D:7      | Reached skill level 10 in Axes
  7860 | D:7      | Found a snail-covered altar of Cheibriados.
  7945 | D:8      | Reached skill level 5 in Dodging
  7979 | D:8      | Reached skill level 11 in Axes
  7999 | D:8      | Noticed a death yak
  8020 | D:8      | Killed a death yak
  8021 | D:8      | Reached skill level 10 in Armour
  8036 | D:8      | Found a staircase to the Lair.
  8046 | D:8      | Reached XP level 10. HP: 57/88 MP: 9/9
  8068 | D:8      | Noticed a death yak
  8086 | D:8      | Noticed a death yak
  8093 | D:8      | Killed a death yak
  8100 | D:8      | Killed a death yak
  8101 | D:8      | Reached skill level 12 in Axes
  8369 | D:8      | Found Vuokimal's Jewellery Shoppe.
  8697 | D:9      | Noticed Harold
  8715 | D:9      | Killed Harold
  8973 | D:9      | Noticed Joseph
  8987 | D:9      | Killed Joseph
  9200 | D:9      | Reached skill level 13 in Axes
  9373 | D:9      | Reached ***** piety under Trog
  9683 | D:10     | Entered Level 10 of the Dungeon
  9734 | D:10     | Reached XP level 11. HP: 59/99 MP: 10/10
  9976 | D:10     | Noticed a soul eater
 10380 | D:10     | Noticed a two-headed ogre
 10385 | D:10     | Killed a two-headed ogre
 10471 | D:10     | Noticed Urug
 10480 | D:10     | Killed Urug
 10481 | D:10     | Reached skill level 10 in Fighting
 10481 | D:10     | Reached skill level 14 in Axes
 10954 | Lair:1   | Entered Level 1 of the Lair of Beasts
 12062 | Lair:1   | Noticed an oklob plant
 12481 | Lair:2   | Found a corrupted altar of Lugonu.
 12573 | Lair:2   | Reached skill level 15 in Axes
 12791 | Lair:2   | Found a one-way gate to the infinite horrors of the Abyss.
 13036 | Lair:2   | Reached XP level 12. HP: 94/110 MP: 11/11
 13389 | Lair:2   | Noticed an eight-headed hydra
 13395 | Lair:2   | Killed an eight-headed hydra
 13709 | Lair:3   | Noticed a four-headed hydra
 13716 | Lair:3   | Killed a four-headed hydra
 13799 | Lair:3   | Reached skill level 16 in Axes
 13981 | Lair:3   | Identified the +0 scale mail "Liotiom" {rF- Int+3}
 14044 | Lair:3   | Gained mutation: You are robust. (+10% HP) [potion of
                  | mutation]
 14044 | Lair:3   | Gained mutation: Your spells are a little harder to cast,
                  | but a little more powerful. [potion of mutation]
 14044 | Lair:3   | Gained mutation: You have a pair of large horns on your
                  | head. [potion of mutation]
 14112 | Lair:3   | Reached skill level 1 in Shields
 14199 | Lair:3   | Found a staircase to the Shoals.
 14459 | Shoals:1 | Entered Level 1 of the Shoals
 14506 | Lair:3   | Found a staircase to the Snake Pit.
 15047 | Lair:4   | Noticed an eight-headed hydra
 15054 | Lair:4   | Received a gift from Trog
 15060 | Lair:4   | Reached skill level 17 in Axes
 15078 | Lair:4   | Killed an eight-headed hydra
 15653 | Lair:5   | Entered Level 5 of the Lair of Beasts
 15680 | Lair:5   | Reached XP level 13. HP: 111/130 MP: 12/12
 15975 | Lair:5   | Reached skill level 18 in Axes
 16407 | Lair:5   | Found a viscous altar of Jiyva.
 16407 | Lair:5   | Found a staircase to the Slime Pits.
 16413 | Slime:1  | Entered Level 1 of the Pits of Slime
 16693 | Lair:5   | Reached ****** piety under Trog
 17029 | Lair:5   | Reached skill level 19 in Axes
 17278 | Lair:5   | Noticed a fire dragon
 17293 | Lair:5   | Found a large runed translucent door.
 17293 | Lair:5   | Found a large runed translucent door.
 17388 | Lair:5   | Killed a fire dragon
 17407 | Lair:5   | Identified the +5 plate armour of Meodamogh {rN+ Dex+4}
 17980 | Lair:1   | Identified the +1 rapier of Resourcefulness {vorpal, rF+
                  | MP+9}
 18118 | D:11     | Reached XP level 14. HP: 131/145 MP: 13/13
 18430 | D:11     | Found a staircase to the Orcish Mines.
 18462 | D:11     | Received a gift from Trog
 19238 | D:11     | Identified the +5 flail "Yfyosch" {freeze, Str+6 Int+5}
 19547 | Orc:1    | Entered Level 1 of the Orcish Mines
 19582 | Orc:1    | Received a gift from Trog
 19623 | Orc:1    | Reached skill level 20 in Axes
 19837 | Orc:1    | Found a transporter.
 19931 | Orc:1    | Found a transporter.
 19999 | Orc:1    | Noticed esran's ghost (journeyman TrFi)
 20184 | Orc:1    | Found Tithustysm's Gadget Gallery.
 20339 | Orc:1    | Reached skill level 15 in Armour
 20595 | Orc:2    | Entered Level 2 of the Orcish Mines
 20634 | Orc:2    | Found a staircase to the Elven Halls.
 20673 | Elf:1    | Entered Level 1 of the Elven Halls
 21122 | Orc:2    | Received a gift from Trog
 21522 | Orc:2    | Found Wateona's Firing Range.
 21590 | Orc:2    | Noticed an orc warlord
 21611 | Orc:2    | Paralysed by an orc sorcerer for 4 turns
 21619 | Orc:2    | Killed an orc warlord
 21624 | Orc:2    | Reached skill level 15 in Fighting
 21659 | Orc:2    | Received a gift from Trog
 21660 | Orc:2    | Reached skill level 10 in Dodging
 21750 | Orc:2    | Reached skill level 21 in Axes
 21915 | Orc:2    | Found Asef's Antique Armour Boutique.
 21916 | Orc:2    | Found Hoafy's Antique Weapon Shop.
 21918 | Orc:2    | Found Pickeyt's General Store.
 21918 | Orc:2    | Found Noocul's Book Boutique.
 21924 | Orc:2    | Bought a crude battleaxe for 414 gold pieces
 21924 | Orc:2    | Identified the +6 battleaxe of Fragile Peace {vorpal,
                  | Will+} (You bought it in a shop on level 2 of the Orcish
                  | Mines)
 21928 | Orc:2    | Bought a runed scarf for 288 gold pieces
 22211 | Snake:1  | Entered Level 1 of the Snake Pit
 22575 | Snake:1  | Noticed Azrael
 22578 | Snake:1  | Reached XP level 15. HP: 147/155 MP: 14/14
 22580 | Snake:1  | Killed Azrael
 23011 | Snake:1  | Received a gift from Trog
 23965 | Snake:1  | Noticed Jorgrun
 23981 | Snake:1  | Killed Jorgrun
 24544 | Snake:2  | Noticed vinnietd's ghost (adept HaFi)
 24546 | Snake:2  | Found a runed translucent gate.
 24547 | Snake:2  | Found a runed translucent gate.
 24547 | Snake:2  | Found a runed translucent gate.
 24587 | Snake:2  | Reached skill level 22 in Axes
 25315 | Snake:2  | Found a bloodstained altar of Trog.
 26452 | Snake:3  | Noticed Saint Roka
 26467 | Snake:3  | Received a gift from Trog
 26472 | Snake:3  | Killed Saint Roka
 26742 | Snake:3  | HP: 5/159 [salamander/+0 trident (4)]
 26742 | Snake:3  | Mangled by a salamander

Illustrated notes

Levels and vault maps discovered:
D:1:      psy_arrival_heroes, layout_loops_ring,
          chequers_ecumenical_altar_island
D:2:      layout_rooms, basic_altar
D:3:      minmay_angry_zag, layout_rooms, uniq_robin, uniq_natasha, uniq_grinder
D:4:      layout_cave_pods, vehumet_altar_wand_db,
          hangedman_abyss_or_decor_stagger, grunt_ministairs_8
D:5:      layout_basic, mainiacjoe_overflow_concentric_impassable, minitemple,
          dreamdust_princess_corridor, nrook_loot_triangle
D:6:      layout_basic, uniq_edmund
D:7:      minmay_spotlight, layout_loops_corners,
          nicolae_overflow_hidden_temple, minmay_temple_entry_mini_moons,
          ebering_dispersal_statue_hall, chequers_serial_rivers_small_b,
          uniq_duvessa
D:8:      layout_rooms, dpeg_lair_monsters, serial_shops, nicolae_lakefront_shop
D:9:      layout_roguey, minivault_24, kennysheep_doodads, patterned_corridor,
          uniq_harold, uniq_joseph
D:10:     layout_irregular_city, uniq_urug
D:11:     minmay_octagon_keep, layout_layer_cave, david_orc_5, serial_glass,
          glass_columns_a, glass_columns_c, item_on_display_a,
          minmay_strange_pillars, due_unseen_surprise, minmay_strange_pillars
Temple:   nicolae_temple_two_arcs
Lair:1:   layout_misc_corridors, small_statue_intersection,
          minmay_lair_oklob_items
Lair:2:   layout_long_grid, amcnicky_altar_lugonu_corruption,
          serial_bayou_shore_a
Lair:3:   layout_gridlike, minmay_shoals_entry_centaurs, dummy_snake_entry,
          lemuel_another_geyser
Lair:4:   layout_gridlike, beast_lair_carwin_4
Lair:5:   cheibrodos_lair_end_hotspot, layout_big_grid,
          dpeg_slime_entry_enclosed, lemuel_fruit_tree
Shoals:1: cheibrodos_shoals_baths, layout_shoals
Snake:1:  layout_concentric_octagons, grunt_megastairs_2, serial_bayou_shore_b,
          uniq_jorgrun, uniq_azrael
Snake:2:  layout_gridlike, basic_altar, gammafunk_ghost_split, drop_trap
Snake:3:  layout_grid_maze, special_room, uniq_bai_suzhen, uniq_saint_roka,
          uniq_aizul
Slime:1:  layout_caves
Orc:1:    layout_caves, gammafunk_ghost_berserking_beasts, abandoned_shop,
          nicolae_shop_gadgets
Orc:2:    st_orc_congregation, layout_diamond_mine, nicolae_orc_lava_tube,
          nicolae_shop_firing_range
Elf:1:    elf_arrival_002, layout_onion_city, ebering_ghost_gozag,
          hangedman_elf_disciples, solitary_fountain,
          nicolae_elf_loose_elemental_storage, uniq_louise

Skill      XL: |  1  2  3  4  5  6  7  8  9 10 11 12 13 14 15 |
---------------+----------------------------------------------+-----
Axes           | 4 5 6 7 8 9 11 13 15 17 19 21 22 | 22.7
Fighting       | 4 5 6 7 8 9 11 12 14 15 16 | 16.4
Armour         | 4 5 6 8 10 11 12 13 14 15 16 | 16.0
Dodging        | 3 4 5 6 7 8 9 10 | 10.9
Shields        | 1 |  1.6
Throwing       | |  0.2

Action                   |  1- 3 |  4- 6 |  7- 9 | 10-12 | 13-15 || total
-------------------------+-------+-------+-------+-------+-------++-------
Melee: Hand axe          |    73 |    86 |   381 |    59 |       ||   599
       Headbutt          |     6 |    12 |    65 |   110 |   183 ||   376
       Punch             |       |     1 |     4 |       |       ||     5
       Battleaxe         |       |       |       |   406 |   347 ||   753
       Eveningstar       |       |       |       |     9 |       ||     9
       Executioner's axe |       |       |       |       |   544 ||   544
Throw: Dart              |       |       |     3 |       |       ||     3
Invok: Berserk           |     1 |       |     2 |     4 |     3 ||    10
       Trog's Hand       |       |       |       |       |     1 ||     1
       Brothers in Arms  |       |       |       |       |     1 ||     1
Evoke: Wand              |       |       |     1 |       |       ||     1
  Use: Scroll            |       |       |       |    21 |       ||    21
       Potion            |       |       |       |     5 |     3 ||     8
Armor: Chain mail        |    42 |    42 |   130 |       |       ||   214
       Plate armour      |       |       |   103 |   354 |   473 ||   930
Dodge: Dodged            |    42 |    40 |   145 |   239 |   451 ||   917
Block: Other             |       |       |       |    43 |    10 ||    53
       Reflection        |       |       |       |     2 |     1 ||     3
